 Dungeon Crawl Stone Soup version 0.19.4-8-ga85b6b9 (webtiles) character file.

12 helicases the Grave Robber (level 2, -1/19 HPs)
             Began as a Vampire Necromancer on Feb 7, 2017.
             Was an Initiate of Ru.
             Slain by an orc wizard
             ... wielding a +0 dagger
              (2 damage)
             ... on level 3 of the Dungeon.
             The game lasted 00:06:39 (443 turns).

helicases the Grave Robber (Vampire Necromancer)     Turns: 443, Time: 00:06:40

Health: -1/19      AC:  2    Str:  7    XL:     2   Next: 20%
Magic:  1/5        EV: 12    Int: 17    God:    Ru [......]
Gold:   57         SH:  0    Dex: 14    Spells: 2 memorised, 3 levels left

rFire  . . .     SeeInvis +     h - +0 short sword
rCold  . . .     Gourm    .     a - +0 robe
rNeg   + . .     Faith    .     (no shield)
rPois  .         Spirit   .     (no helmet)
rElec  .         Reflect  .     (no cloak)
rCorr  .         Harm     .     (no gloves)
MR     .....                    (no boots)
Stlth  ++........               (no amulet)
                                o - ring of wizardry
                                d - ring of wizardry

@: no status effects
A: fangs 3, see invisible, unbreathing
a: Renounce Religion


You were on level 3 of the Dungeon.
You worshipped Ru.
Ru was noncommittal.
You were not thirsty.

You visited 1 branch of the dungeon, and saw 3 of its levels.

You collected 57 gold pieces.

Inventory:

Hand Weapons
 e - a +0 club
 h - a +0 short sword (weapon)
 i - a +0 hunting sling
Missiles
 j - 26 bolts
Armour
 a - a +0 robe (worn)
 q - a +0 robe
Jewellery
 d - a ring of wizardry (left hand)
 o - a ring of wizardry (right hand)
Scrolls
 g - a scroll of recharging {unknown}
 k - a scroll of enchant weapon {unknown}
 l - a scroll of teleportation {unknown}
 m - a scroll of identify {unknown}
Potions
 n - a potion of agility {unknown}
 p - a potion of heal wounds {unknown}
Books
 b - a book of Necromancy

   Spells                             Type                      Level
   a - Pain                           Necromancy                   1
   b - Animate Skeleton               Necromancy                   1
   c - Vampiric Draining              Necromancy                   3
   d - Regeneration                   Charms/Necromancy            3
   e - Animate Dead                   Necromancy                   4
   f - Control Undead                 Necromancy                   4
Comestibles
 f - 5 fruits


   Skills:
 + Level 0.2 Short Blades
 + Level 2.1 Dodging
 + Level 3.2 Stealth
 + Level 2.1 Spellcasting
 + Level 4.8 Necromancy


You had 3 spell levels left.
You knew the following spells:

 Your Spells              Type           Power        Failure   Level  Hunger
a - Pain                  Necr           ###.         1%          1    #......
b - Animate Skeleton      Necr           N/A          1%          1    #......


Dungeon Overview and Level Annotations

Branches:
Dungeon (3/15)

Altars:
Ru


Innate Abilities, Weirdness & Mutations

You have razor-sharp teeth.
You have supernaturally acute eyesight. (SInv)
You can survive without breathing.


Message History

You closely miss the orc wizard.
The orc wizard is lightly wounded.
The orc wizard casts a spell at you. The puff of flame hits you!
* * * LOW HITPOINT WARNING * * *
The orc barely misses you.
The orc wizard looks braver for a moment.
Yummy - fresh blood!
The orc wizard hits you but does no damage.
The orc wizard closely misses you.
You closely miss the orc wizard. You bite the orc wizard.
The orc wizard is lightly wounded.
The orc wizard points at you and mumbles some strange words.
The puff of frost misses you. The orc wizard hits you with a dagger.
* * * LOW HITPOINT WARNING * * *
A goblin comes into view.
The goblin shouts!
The orc wizard hits you with a dagger.
You die...

#.....##.# #.....#
.# . .. #.....# .#
.#########.#
#.....# ...
.......... #....%#
##. #.........
#.....##...
#.........
##.....#.. #.
#.........
.#.....#.#
#.##.........
)#.....#%#
#...o@.....g.
....##>..#
###K#########
#...(..#.# #.###
.....#.#.## #o..#
.>...#....## ###.#
.... #.....# #K#
#### #.##..# #.#
...##..#####K####
...####.....((ro..#


You could see an orc wizard (invisible), a goblin and a kobold.

Vanquished Creatures
  An orc (D:3)
  A giant cockroach (D:3)
  A goblin (D:1)
  A hobgoblin (D:1)
  A jackal (D:3)
  2 frilled lizards (D:3)
  2 kobolds (D:2)
  A rat (D:2)
10 creatures vanquished.

Vanquished Creatures (collateral kills)
  A leopard gecko (D:3)
1 creature vanquished.

Grand Total: 11 creatures vanquished

Notes
Turn   | Place    | Note
-------+----------+-------------------------------------------
     0 | D:1      | helicases the Vampire Necromancer began the quest for the Orb.
     0 | D:1      | Reached XP level 1. HP: 13/13 MP: 3/3
     2 | D:1      | Learned a level 1 spell: Animate Skeleton
   102 | D:2      | Found a sacrificial altar of Ru.
   165 | D:2      | Became a worshipper of Ru the Awakened
   346 | D:3      | Reached XP level 2. HP: 9/19 MP: 3/5
   443 | D:3      | Slain by an orc wizard

Action                   || total
-------------------------++-------
Melee: Short sword       ||    11
       Bite              ||     1
 Cast: Pain              ||    13
       Animate Skeleton  ||     4
  Use: Potion            ||     1
Armor: Robe              ||     3
Dodge: Dodged            ||    21
